 Dungeon Crawl Stone Soup version 0.30.0-17-ge0270778cf (webtiles) character file.

Game seed: 11559978463531635328

484 loir the Trooper (level 6, -3/56 HPs)
             Began as a Minotaur Berserker on May 20, 2023.
             Was a Priest of Trog.
             Slain by a killer bee (5 damage)
             ... on level 5 of the Dungeon on May 22, 2023.
             The game lasted 00:22:01 (3638 turns).

loir the Trooper (Minotaur Berserker)               Turns: 3638, Time: 00:22:02

Health: -3/56      AC: 12    Str: 24    XL:     6   Next: 88%
Magic:  5/5        EV:  9    Int:  4    God:    Trog [***...]
Gold:   208        SH:  0    Dex:  9    Spells: 5/5 levels left

rFire   . . .        l - +0 flail
rCold   . . .        (no shield)
rNeg    . . .        g - +0 chain mail
rPois   .            (helmet restricted)
rElec   .            r - +0 cloak
rCorr   .            (no gloves)
SInv    .            m - +0 pair of boots
Will    .....        (no amulet) Stlth
                     (no ring)
HPRegen 0.29/turn    (no ring)
MPRegen 0.09/turn

%: no passive effects
@: lethally poisoned (-3 -> -6)
A: horns 2, retaliatory headbutt
a: Renounce Religion, Berserk, Trog's Hand


You were on level 5 of the Dungeon.
You worshipped Trog.
Trog was most pleased with you.
You visited 1 branch of the dungeon, and saw 5 of its levels.

You collected 208 gold pieces.

Inventory:

Hand Weapons
 a - a +0 mace
 e - a +0 hammer
 l - a +0 flail (weapon)
 o - a +0 club
 p - a +0 mace
 v - a +0 mace
Missiles
 f - 9 poisoned darts (quivered)
Armour
 b - a +0 animal skin
 g - a +0 chain mail (worn)
 m - a +0 pair of boots (worn)
 r - a +0 cloak (worn)
Scrolls
 c - a scroll of amnesia
 h - 2 scrolls of teleportation
 k - a scroll of butterflies
 q - 2 scrolls of magic mapping
 t - a scroll of fog
Potions
 d - 2 potions of mutation
 i - 2 potions of might
 j - 2 potions of curing
 n - a potion of haste
 s - a potion of attraction
 u - 2 potions of flight


   Skills:
 + Level 5.6 Fighting
 + Level 5.6 Maces & Flails
 + Level 4.9 Armour
 + Level 4.4 Dodging


You had 5 spell levels left.
You didn't know any spells.
Your spell library contained the following spells:

 Spells                   Type           Power      Damage    Failure   Level
 Shock                    Conj/Air       0%         1d3       97%         1
 Summon Guardian Golem    Hex/Summ       0%         N/A       100%        3
 Swiftness                Air            0%         N/A       100%        3
 Airstrike                Air            0%         2d(0-16)  100%        4
 Manifold Assault         Tloc           0%         N/A       100%        4
 Dispersal                Tloc           0%         N/A       100%        6
 Orb of Destruction       Conj           0%         9d5       100%        7
 Spellforged Servitor     Conj/Summ      0%         N/A       100%        7
 Disjunction              Tloc           0%         N/A       100%        8


Dungeon Overview and Level Annotations

Branches:
Dungeon (5/15)             Temple (0/1) D:4

Altars:
The Shining One

Shops:
D:1 (   D:5 **=

Annotations:
D:5 Blork the orc, Prince Ribbit


Innate Abilities, Weirdness & Mutations

You have a pair of horns on your head.
You reflexively headbutt those who attack you in melee.


Message History

Blork the orc hits you from afar with a +0 glaive!
You are too injured to fight recklessly!
You are too injured to fight recklessly!
You are too injured to fight recklessly!
You are too injured to fight recklessly!
You are too injured to fight recklessly!
You are too injured to fight recklessly!
You are too injured to fight recklessly!
You miss the killer bee. Your headbutt misses the killer bee.
The killer bee is severely wounded.
The killer bee stings you.
You are poisoned.
The killer bee poisons you!
The killer bee stings you but does no damage.
The killer bee stings you. The killer bee barely misses you.
The killer bee stings you but does no damage.
The killer bee barely misses you.
You miss the killer bee.
The killer bee is severely wounded.
You feel very sick. The killer bee stings you.
* * * LOW HITPOINT WARNING * * *
The killer bee stings you but does no damage.
The killer bee barely misses you. x2; Prince Ribbit blinks!
You closely miss the killer bee.
The killer bee is severely wounded.
You feel sick. The killer bee closely misses you. You furiously retaliate!
You headbutt the killer bee. The killer bee barely misses you.
Prince Ribbit blinks!
The killer bee stings you but does no damage.
The killer bee stings you.
* * * LOW HITPOINT WARNING * * *
You sock the killer bee!
You kill the killer bee!
Trog accepts your kill.
* * * LOW HITPOINT WARNING * * *
You feel sick. The adder closely misses you. The killer bee stings you.
* * * LOW HITPOINT WARNING * * *
The killer bee stings you.
You die...

# #####.##### #
#...#.# #
#.#...## .
#.##...# .#
##†##...# ..
#.#.......# ..
#..§......####
#.......FS....#
#....#.##.#@y.##
........##.#y###
##...#..##.#o####
........#....y..#
...#....#.......#
..........!..#
...........#
!##........#
...(......#


You could see Prince Ribbit, Blork the orc (fast), 3 killer bees and an adder.

Vanquished Creatures
  A black bear (D:5)
  A bullfrog (D:4)
  2 scorpions
  A killer bee (D:5)
  An orc priest (D:4)
  A sleepcap (D:5)
  Robin (D:3)
  6 adders
  A worm (D:2)
  3 dart slugs
  9 orcs
  5 ball pythons
  3 bats
  5 endoplasms
  6 giant cockroaches
  5 hobgoblins
  8 kobolds
  A quokka (D:5)
  5 frilled lizards
  12 goblins
  5 rats
82 creatures vanquished.

Notes
Turn   | Place    | Note
-------+----------+-------------------------------------------
     0 | D:1      | loir the Minotaur Berserker began the quest for the Orb.
     0 | D:1      | Reached XP level 1. HP: 19/19 MP: 0/0
   244 | D:1      | Reached XP level 2. HP: 25/27 MP: 1/1
   546 | D:1      | Found a faded altar of an unknown god.
   551 | D:1      | Upgraded the game from 0.30.0-15-g856e2d3f33 to
                  | 0.30.0-17-ge0270778cf
   614 | D:1      | Found Ynuttain's Weapon Shop.
  1102 | D:2      | Reached XP level 3. HP: 33/33 MP: 2/2
  1216 | D:2      | Reached ** piety under Trog
  1833 | D:3      | Reached XP level 4. HP: 41/41 MP: 3/3
  2070 | D:3      | Noticed Robin
  2096 | D:3      | Killed Robin
  2230 | D:3      | Reached *** piety under Trog
  2255 | D:3      | Reached XP level 5. HP: 47/47 MP: 4/4
  2682 | D:4      | Reached skill level 5 in Maces & Flails
  2719 | D:4      | Found a staircase to the Ecumenical Temple.
  2817 | D:4      | Reached skill level 5 in Fighting
  2923 | D:4      | Reached XP level 6. HP: 47/56 MP: 5/5
  3467 | D:5      | Entered Level 5 of the Dungeon
  3499 | D:5      | Found Eciynliluh's General Store.
  3501 | D:5      | Found Ydimp's Specific Store.
  3559 | D:5      | Found Big Huto's Jewellery Shoppe.
  3563 | D:5      | Found a glowing golden altar of the Shining One.
  3622 | D:5      | Noticed Blork the orc
  3622 | D:5      | Noticed Prince Ribbit
  3638 | D:5      | HP: 2/56 [killer bee (3)]
  3638 | D:5      | Slain by a killer bee

Illustrated notes

Levels and vault maps discovered:
D:1:      elethiomel_arrival_shortcut, layout_loops_corners, serial_shops, shop,
          basic_ecumenical_altar, minivault_5, grunt_decor_arrowhead,
          minmay_tromino_v4_c
D:2:      layout_basic, minmay_indecisive_spiral
D:3:      layout_basic, dk_noncrumbling_2, uniq_robin
D:4:      layout_loops_ring, minmay_temple_entry_antechambers,
          nicolae_figureground_pulse
D:5:      layout_rooms, old_standard_altar, nicolae_overflow_crystal_walls,
          makhleb_grotto_becter, minmay_shop_enchanted_jewellery,
          nicolae_specific_store, uniq_blork_the_orc, uniq_crazy_yiuf_cottage,
          uniq_prince_ribbit1

Skill      XL: |  1  2  3  4  5 |
---------------+----------------+-----
Maces & Flails | 4 5 |  5.6
Fighting       | 4 5 |  5.6
Armour         | 3 4 |  4.9
Dodging        | 3 4 |  4.4

Action                     |  1- 3 |  4- 6 || total
---------------------------+-------+-------++-------
  Melee: Mace              |    86 |    91 ||   177
         Headbutt          |    12 |    18 ||    30
         Flail             |       |    40 ||    40
         Punch             |       |     1 ||     1
  Throw: Dart              |       |     1 ||     1
    Use: Scroll            |     6 |     8 ||    14
 Armour: Animal skin       |     6 |       ||     6
         Chain mail        |    35 |   102 ||   137
  Dodge: Dodged            |    43 |    83 ||   126
